 Dungeon Crawl Stone Soup version 0.29.0-11-gd7f09526c8 (webtiles) character file.

Game seed: 9597688037611121958

11 greasedhog the Sneak (level 2, 0/26 HPs)
             Began as a Demigod Delver on Sept 4, 2022.
             Slain by an iguana (11 damage)
             ... on level 5 of the Dungeon.
             The game lasted 00:01:32 (283 turns).

greasedhog the Sneak (Demigod Delver)                Turns: 283, Time: 00:01:33

Health: 0/26       AC: 10    Str: 13    XL:     2   Next: 3%
Magic:  4/4        EV: 11    Int: 12    God:
Gold:   6          SH:  0    Dex: 15    Spells: 1/1 levels left

rFire   . . .      SeeInvis .   h - +2 mace (protect)
rCold   . . .      Faith    .   (no shield)
rNeg    . . .      Spirit   .   b - +0 leather armour {Will+}
rPois   .          Reflect  .   (no helmet)
rElec   .          Harm     .   (no cloak)
rCorr   .          Rampage  .   (no gloves)
Will    +....                   (no boots)
Stlth   +++.......              (no amulet)
HPRegen 0.08/turn               (no ring)
MPRegen 0.09/turn               (no ring)

@: lethally poisoned (0 -> -2), under a protective aura
A: high MP 1, forlorn, divine attributes
a: no special abilities


You were on level 5 of the Dungeon.
You visited 1 branch of the dungeon, and saw 1 of its levels.

You collected 6 gold pieces.

Inventory:

Hand Weapons
 h - a +2 mace of protection (weapon)
Armour
 b - a +0 leather armour of willpower (worn)
Wands
 g - a wand of digging (3)
Scrolls
 c - a scroll of fog
 d - a scroll of magic mapping
 e - a scroll of fear
Potions
 f - a potion of haste


   Skills:
 * Level 3.0 Fighting
 - Level 1.7 Short Blades
 * Level 1.0 Maces & Flails
 - Level 1.7 Dodging
 - Level 4.5 Stealth


You had one spell level left.
You didn't know any spells.
Your spell library contained the following spells:

 Spells                   Type           Power      Damage    Failure   Level
 Iskenderun's Battlesphe  Conj           0%         2d6       100%        5
 Iron Shot                Conj/Erth      0%         9d1       100%        6
 Spellforged Servitor     Conj/Summ      0%         N/A       100%        7


Dungeon Overview and Level Annotations

Branches:
Dungeon (5/15)
 Temple: D:4-7

Annotations:
D:5 3 runed translucent doors, Lanacter's ghost, novice DECj


Innate Abilities, Weirdness & Mutations

You have an increased reservoir of magic. (+10% MP)
You shall have no god before yourself.
Your divine heritage dramatically boosts your attributes as you level up.


Message History

You closely miss the adder.
The adder is heavily wounded.
The adder barely misses you.
You miss the adder.
The adder is heavily wounded.
The adder closely misses you. x2
You miss the adder.
The adder is heavily wounded.
The adder bites you but does no damage. The adder closely misses you.
You miss the adder.
The adder is heavily wounded.
The adder closely misses you.
You barely miss the adder.
The adder is heavily wounded.
The adder misses you. The adder barely misses you.
An iguana comes into view.
You barely miss the adder.
The adder is heavily wounded.
The iguana hisses angrily.
The adder closely misses you. The adder barely misses you.
You hit the adder.
Your weapon exudes an aura of protection.
The adder is heavily wounded.
The adder bites you but does no damage. x2
You closely miss the adder.
The adder is heavily wounded.
The adder bites you. x2
You closely miss the adder.
The adder is heavily wounded.
The adder bites you.
You are poisoned.
The adder poisons you! The adder barely misses you.
You hit the adder.
Your weapon exudes an aura of protection.
The adder is almost dead.
You feel sick. The adder barely misses you.
You sock the adder!
You kill the adder!
You feel sick. The iguana bites you!
You die...

.... # #..# .# #...
..# ## #..### ..
.###...###.#
.#........#..#
...#......... #.#
#..#l#####..# ...
#..#@# #.#
#..#.#####. #.#
#........... #.#
##.#.#####.# #.#
#.#.#####.#######.#
#.#..........)...>#
#.#########...######
#.########.###.#####
#.......[..# #......


You could see an iguana.

Vanquished Creatures
  2 adders (D:5)
  A quokka (D:5)
3 creatures vanquished.

Notes
Turn   | Place    | Note
-------+----------+-------------------------------------------
     0 | D:5      | greasedhog the Demigod Delver began the quest for the Orb.
     0 | D:5      | Reached XP level 1. HP: 18/18 MP: 3/3
    74 | D:5      | Reached skill level 1 in Maces & Flails
   124 | D:5      | Reached XP level 2. HP: 26/26 MP: 4/4
   135 | D:5      | Found a runed translucent gate.
   135 | D:5      | Found a runed translucent gate.
   135 | D:5      | Found a runed translucent gate.
   135 | D:5      | Noticed Lanacter's ghost (novice DECj)
   214 | D:5      | Noticed an ogre
   283 | D:5      | Slain by an iguana

Illustrated notes

Levels and vault maps discovered:
D:5:      layout_loops_ring, lemuel_round_altar,
          nicolae_yredelemnul_ghost_church, portal_sewer_entry_b,
          hangedman_decor_opposing

Skill      XL: |  1 |
---------------+----+-----
Fighting       | 3 |  3.0
Maces & Flails | 1 |  1.0
Short Blades   | |  1.7
Dodging        | |  1.7
Stealth        | |  4.5

Action                   || total
-------------------------++-------
Melee: Mace              ||    27
Armor: Ring mail         ||     8
       Leather armour    ||     5
Dodge: Dodged            ||    23
